[Event "ICC tourney 2333 (75 10)"]
[Site "Internet Chess Club"]
[Date "2021.01.23"]
[Round "3"]
[White "schubakov"]
[Black "closedforce"]
[Result "1/2-1/2"]
[ICCResult "Game drawn by mutual agreement"]
[WhiteElo "2161"]
[BlackElo "1922"]
[Opening "King's Indian: accelerated Averbakh system"]
[ECO "E70"]
[NIC "KI.31"]
[Time "20:01:17"]
[PlyCount "51"]
[TimeControl "4500+10"]

1. d4 Nf6 2. c4 g6 3. Nc3 Bg7 4. e4 d6 5. Bg5 O-O 6. Qd2 c5 7. d5 e6 8. Bd3
exd5 9. exd5 Re8+ 10. Nge2 Nbd7 11. f4 a6 12. O-O Qc7 13. h3 b5 14. Rae1
bxc4 15. Bxc4 Nb6 16. b3 Bb7 17. f5 Nbd7 18. Nf4 Rxe1 19. Qxe1 Re8 20. Qg3
Ne4 21. Nxe4 Rxe4 22. fxg6 hxg6 23. Qf3 Re3 24. Ne6 Rxf3 25. Nxc7 Bd4+ 26.
Kh1 { Game drawn by mutual agreement } 1/2-1/2

[Event "ICC tourney 2333 (75 10)"]
[Site "Internet Chess Club"]
[Date "2021.01.23"]
[Round "3"]
[White "DenizG123"]
[Black "ryanwang"]
[Result "0-1"]
[ICCResult "White resigns"]
[WhiteElo "2040"]
[BlackElo "1911"]
[Opening "Sicilian: Pelikan, Chelyabinsk variation"]
[ECO "B33"]
[NIC "SI.37"]
[Time "20:01:20"]
[PlyCount "144"]
[TimeControl "4500+10"]

1. e4 c5 2. Nf3 Nc6 3. d4 cxd4 4. Nxd4 Nf6 5. Nc3 e5 6. Ndb5 d6 7. Bg5 a6
8. Na3 b5 9. Nd5 Be7 10. Bxf6 Bxf6 11. c4 b4 12. Nc2 O-O 13. Ncxb4 Nxb4 14.
Nxb4 Qb6 15. Qd2 Rb8 16. Nd3 Bb7 17. f3 Rbc8 18. Nf2 Be7 19. Bd3 d5 20. O-O
dxc4 21. Bc2 Rfd8 22. Qe2 Bc5 23. Kh1 Bd4 24. Nd1 Qh6 25. Ba4 Bb6 26. Rb1
Qg5 27. f4 exf4 28. Nc3 Rd3 29. Rbd1 Rcd8 30. Rxd3 cxd3 31. Qf3 Bc7 32. g3
d2 33. gxf4 Qh4 34. Bb3 Bc8 35. Nd5 Bh3 36. Rg1 Ba5 37. f5 Rc8 38. Nf4 Bb6
39. Nxh3 Bxg1 40. Kxg1 Rc1+ 41. Kg2 Qe1 42. Nf2 Qf1+ 43. Kg3 Qg1+ 44. Kf4
Rf1 45. Ke3 Qg5+ 46. Kd3 Qd8+ 47. Ke3 Re1+ 48. Kf4 Qd6+ 49. Kg4 Rg1+ 50.
Qg3 Rxg3+ 51. hxg3 Qd4 52. Kf3 Qxb2 53. Nd1 Qd4 54. g4 Qd3+ 55. Ne3 a5 56.
e5 Kf8 57. e6 fxe6 58. fxe6 Ke7 59. Kf2 Qd4 60. Kf3 Qd3 61. Kf2 Qd4 62. Kf3
g6 63. Ke2 a4 64. Bc2 Kxe6 65. Bd3 Ke7 66. Kxd2 Qb2+ 67. Nc2 Qxa2 68. Ke3
a3 69. Nd4 Qb2 70. Nc6+ Kd6 71. Nd4 a2 72. Nb5+ Ke7 { White resigns } 0-1

[Event "ICC tourney 2333 (75 10)"]
[Site "Internet Chess Club"]
[Date "2021.01.23"]
[Round "3"]
[White "GeorgeDai"]
[Black "KittiesRock18"]
[Result "1/2-1/2"]
[ICCResult "Game drawn by repetition"]
[WhiteElo "2086"]
[BlackElo "1905"]
[Opening "QGD Slav defense: exchange variation"]
[ECO "D10"]
[NIC "SL.01"]
[Time "20:01:23"]
[PlyCount "120"]
[TimeControl "4500+10"]

1. d4 d5 2. c4 c6 3. cxd5 cxd5 4. Bf4 Nf6 5. e3 Nc6 6. Nc3 e6 7. Nf3 Be7 8.
Rc1 Bd7 9. h3 O-O 10. Bd3 a6 11. O-O Qb6 12. Qe2 Nh5 13. Bh2 Nf6 14. a3 Na7
15. Rc2 Bd6 16. Ne5 Bc6 17. Rfc1 Nd7 18. Nxc6 Bxh2+ 19. Kxh2 Nxc6 20. Na4
Qd8 21. Nc5 Nxc5 22. Rxc5 Qf6 23. Kg1 Rfc8 24. Qc2 g6 25. Qb3 Qe7 26. Qb6
f6 27. b4 Rc7 28. a4 Rd7 29. b5 axb5 30. Bxb5 Kf7 31. Bxc6 bxc6 32. Qxc6
Rda7 33. Ra1 Ra6 34. Qb5 R8a7 35. a5 Qb7 36. Qa4 Qe7 37. Qc2 Kg7 38. h4 h6
39. h5 gxh5 40. e4 dxe4 41. Qxe4 Qb7 42. Qf4 Qf7 43. Ra3 Kh7 44. Rac3 Rd7
45. Rg3 f5 46. Rc8 Qf6 47. Qb8 Rxa5 48. Rc1 Qd8 49. Qxd8 Rxd8 50. Rc7+ Kh8
51. Re7 Ra1+ 52. Kh2 Rxd4 53. Re8+ Kh7 54. Re7+ Kh8 55. Re8+ Kh7 56. Re7+
Kh8 57. Re8+ Kh7 58. Re7+ Kh8 59. Re8+ Kh7 60. Re7+ Kh8 { Game drawn by
repetition } 1/2-1/2

[Event "ICC tourney 2333 (75 10)"]
[Site "Internet Chess Club"]
[Date "2021.01.23"]
[Round "3"]
[White "redhawk2020"]
[Black "mopaska1106"]
[Result "0-1"]
[ICCResult "White forfeits on time"]
[WhiteElo "1954"]
[BlackElo "1946"]
[Opening "Sicilian: Nimzovich-Rossolimo attack (with ...g6, without ...d6)"]
[ECO "B31"]
[NIC "SI.31"]
[Time "20:01:15"]
[PlyCount "54"]
[TimeControl "4500+10"]

1. e4 c5 2. Nf3 Nc6 3. Bb5 g6 4. O-O Bg7 5. Re1 Nh6 6. c3 O-O 7. d4 cxd4 8.
cxd4 d5 9. exd5 Qxd5 10. Nc3 Qd6 11. d5 Na5 12. Qa4 b6 13. Bf4 Qd8 14. Bxh6
Bxh6 15. Qh4 Bg7 16. Qxe7 Bxc3 17. bxc3 Qxd5 18. a4 Bg4 19. Ne5 Be6 20. c4
Qd8 21. Qb4 Qc7 22. Rad1 Rfd8 23. Bd7 Nxc4 24. Bxe6 Nxe5 25. Bd5 Rac8 26.
Qf4 Re8 27. h3 Nd3 { White forfeits on time } 0-1

[Event "ICC tourney 2333 (75 10)"]
[Site "Internet Chess Club"]
[Date "2021.01.23"]
[Round "3"]
[White "WonderZ"]
[Black "Yucheng"]
[Result "1/2-1/2"]
[ICCResult "Game drawn because neither player has mating material"]
[WhiteElo "2064"]
[BlackElo "1889"]
[Opening "QGD: Chigorin defense"]
[ECO "D07"]
[NIC "QP.08"]
[Time "20:01:18"]
[PlyCount "109"]
[TimeControl "4500+10"]

1. d4 d5 2. c4 Nc6 3. cxd5 Qxd5 4. Nf3 e5 5. Nc3 Bb4 6. Bd2 Bxc3 7. Bxc3 e4
8. Ne5 Nxe5 9. dxe5 Be6 10. Qxd5 Bxd5 11. e3 Ne7 12. b3 O-O-O 13. Be2 Rhe8
14. f4 exf3 15. gxf3 Ng6 16. Rg1 Nxe5 17. e4 Bc6 18. Rxg7 f5 19. f4 Ng6 20.
Bf6 Rd7 21. Rxd7 Bxd7 22. e5 Nxf4 23. Rd1 Rg8 24. Bf1 Nh5 25. Rd2 Nxf6 26.
exf6 Rf8 27. Rg2 Be8 28. Rg7 h6 29. Bg2 Rxf6 30. Rg8 Re6+ 31. Kf2 c6 32.
Bh3 Re5 33. Kf3 Kd8 34. Kf4 Re4+ 35. Kf3 Re1 36. Bxf5 Rf1+ 37. Ke4 Ke7 38.
Rh8 Rf2 39. Rxh6 Rxa2 40. Rh7+ Bf7 41. h4 Kf6 42. Rh6+ Kg7 43. Rd6 Bxb3 44.
Rd7+ Kf6 45. Rd6+ Kg7 46. Rd7+ Bf7 47. Rxb7 Kf6 48. Bd7 Ra4+ 49. Ke3 Rxh4
50. Bxc6 a5 51. Ra7 Rh3+ 52. Kd4 Ra3 53. Kc5 a4 54. Rxa4 Rxa4 55. Bxa4 {
Game drawn because neither player has mating material } 1/2-1/2

[Event "ICC tourney 2333 (75 10)"]
[Site "Internet Chess Club"]
[Date "2021.01.23"]
[Round "3"]
[White "musk6868"]
[Black "Solidwrench2"]
[Result "1/2-1/2"]
[ICCResult "Game drawn by repetition"]
[WhiteElo "2051"]
[BlackElo "1955"]
[Opening "Sicilian: Richter-Rauzer"]
[ECO "B60"]
[NIC "SI.27"]
[Time "20:01:20"]
[PlyCount "132"]
[TimeControl "4500+10"]

1. e4 c5 2. Nf3 d6 3. d4 cxd4 4. Nxd4 Nf6 5. Nc3 Nc6 6. Bg5 Qb6 7. Nb3 e6
8. Be2 Be7 9. O-O O-O 10. Be3 Qc7 11. f4 a6 12. Bf3 Rd8 13. Qe2 b5 14. a3
Bb7 15. Qf2 Nd7 16. Rad1 Na5 17. Nxa5 Qxa5 18. Ne2 Qc7 19. Rd2 Nc5 20. Nc3
Bf6 21. Bd4 Bxd4 22. Qxd4 Rd7 23. Rfd1 Rad8 24. Qe3 Bc6 25. b4 Nb7 26. Ne2
g6 27. c3 e5 28. f5 f6 29. fxg6 hxg6 30. Bg4 Re7 31. Rf1 Kg7 32. Qf2 Rf8
33. Ng3 Bd7 34. Bxd7 Rxd7 35. Qe3 Nd8 36. Rfd1 Ne6 37. Ne2 Qc6 38. Rd5 Nc7
39. R5d3 Rfd8 40. Ng3 d5 41. exd5 Rxd5 42. Qe4 Qb6+ 43. Kf1 Rxd3 44. Rxd3
Rxd3 45. Qxd3 Qc6 46. Ne4 Ne6 47. g3 f5 48. Nf2 Nc7 49. Ke2 Nd5 50. Kd2 Nb6
51. Nd1 Nc4+ 52. Kc1 Nxa3 53. Ne3 Nc4 54. Nd5 Kf7 55. h4 Ke6 56. Ne3 Qh1+
57. Kc2 Qh2+ 58. Kd1 Qxg3 59. Qd5+ Kf6 60. Qd8+ Kf7 61. Qd7+ Kf6 62. Qd8+
Kf7 63. Qd7+ Kf8 64. Qd8+ Kf7 65. Qd7+ Kf8 66. Qd8+ Kf7 { Game drawn by
repetition } 1/2-1/2

[Event "ICC tourney 2333 (75 10)"]
[Site "Internet Chess Club"]
[Date "2021.01.23"]
[Round "3"]
[White "e4betterthand4"]
[Black "mhebden"]
[Result "0-1"]
[ICCResult "White checkmated"]
[WhiteElo "2130"]
[BlackElo "2503"]
[Opening "Two knights defense (Modern bishop's opening)"]
[ECO "C55"]
[NIC "IG.01"]
[Time "20:01:21"]
[PlyCount "156"]
[TimeControl "4500+10"]

1. e4 e5 2. Nf3 Nc6 3. Bc4 Nf6 4. d3 Be7 5. O-O O-O 6. Re1 d6 7. c3 Na5 8.
Bb5 a6 9. Ba4 b5 10. Bc2 c5 11. h3 Bb7 12. Be3 Re8 13. Nbd2 h6 14. d4 cxd4
15. cxd4 exd4 16. Nxd4 Bf8 17. Nf5 d5 18. Qf3 Rc8 19. Rac1 dxe4 20. Qg3 Kh7
21. Red1 Qd5 22. Nxg7 Bxg7 23. Nxe4 Nxe4 24. Rxd5 Rxc2 25. Qf4 Rxc1+ 26.
Bxc1 Bxd5 27. Qf5+ Kg8 28. Qxd5 Nc4 29. Qc6 Re6 30. Qa8+ Kh7 31. b3 Ncd6
32. Qxa6 Bd4 33. Be3 Bxe3 34. fxe3 Kg7 35. a4 bxa4 36. Qxa4 Nf6 37. Qf4
Nde4 38. Qf5 Rb6 39. g4 Rxb3 40. Qf4 Rb1+ 41. Kg2 Rb2+ 42. Kg1 Rf2 43. Qe5
Rf3 44. Kg2 Rxe3 45. Qf4 Rc3 46. Qe5 Rc5 47. Qd4 Rc2+ 48. Kg1 Ng5 49. Qe3
Rc4 50. Kh1 Re4 51. Qc3 Rf4 52. Qe5 Rf2 53. Qe3 Rf3 54. Qd4 Rxh3+ 55. Kg2
Rh4 56. Qc3 Rxg4+ 57. Kh1 Ne4 58. Qf3 h5 59. Kh2 h4 60. Qf5 Rg3 61. Kh1 Ng5
62. Qc2 Nge4 63. Qb2 h3 64. Qd4 Rg4 65. Qb2 Rf4 66. Qe5 Rf2 67. Qc7 Kg6 68.
Qb8 Rf3 69. Qb6 Kg5 70. Qd8 Kh4 71. Kg1 Rg3+ 72. Kf1 h2 73. Qh8+ Nh5 74.
Qd8+ f6 75. Ke2 h1=Q 76. Qxf6+ Nexf6 77. Kf2 Qh2+ 78. Kf1 Rg1# { White
checkmated } 0-1

[Event "ICC tourney 2333 (75 10)"]
[Site "Internet Chess Club"]
[Date "2021.01.23"]
[Round "3"]
[White "MCTS13"]
[Black "f5"]
[Result "1/2-1/2"]
[ICCResult "Black stalemated"]
[WhiteElo "2195"]
[BlackElo "2207"]
[Opening "Sicilian: closed, 2...Nc6"]
[ECO "B23"]
[NIC "SI.44"]
[Time "20:01:23"]
[PlyCount "223"]
[TimeControl "4500+10"]

1. e4 c5 2. Nc3 Nc6 3. Bb5 g6 4. Bxc6 dxc6 5. f4 Bg7 6. Nf3 Nf6 7. d3 O-O
8. O-O b6 9. Qe1 Nd7 10. Qg3 f5 11. Ng5 Nf6 12. e5 Nd5 13. Bd2 Nc7 14. h4
Ne6 15. Nxe6 Bxe6 16. h5 Kf7 17. Qg5 Rg8 18. Rf3 Bf8 19. Rg3 Ke8 20. hxg6
hxg6 21. Re1 Qd7 22. Qh4 Kd8 23. Rg5 Kc7 24. b3 Rd8 25. Be3 Bf7 26. g4 e6
27. gxf5 exf5 28. Rg2 Be7 29. Qf2 Rh8 30. Rh2 Rdg8 31. Re2 Qd8 32. Qf3 Rg7
33. Rxh8 Qxh8 34. Rh2 Rh7 35. Qh1 Rxh2 36. Qxh2 Qxh2+ 37. Kxh2 Kd7 38. a4
a6 39. Ne2 b5 40. c4 Be6 41. Kg3 Bf7 42. Nc3 bxc4 43. bxc4 Be6 44. Ne2 Ke8
45. Nc1 Kf7 46. Nb3 Bc8 47. Bxc5 Bd8 48. a5 g5 49. Bb6 Be7 50. Nd4 Bd7 51.
Nc2 g4 52. d4 Be6 53. Ne3 Bb4 54. d5 Be1+ 55. Kg2 cxd5 56. cxd5 Bc8 57. Nc4
Bb4 58. e6+ Kf6 59. Bd8+ Kg7 60. Ne5 Kf8 61. Nc6 Bd2 62. Bc7 Bb7 63. Bd6+
Ke8 64. Kf2 Bc3 65. Bb4 Bb2 66. Ne7 Bf6 67. Nxf5 Bxd5 68. e7 Kd7 69. Kg3
Be4 70. Kxg4 Bc6 71. Kh5 Ke6 72. Ne3 Be8+ 73. Kg4 Bxe7 74. f5+ Kf7 75. Bxe7
Kxe7 76. Nd5+ Kd6 77. Nb4 Bb5 78. Kg5 Ke7 79. f6+ Kf7 80. Kf5 Bf1 81. Ke5
Be2 82. Nd5 Bf1 83. Ne3 Be2 84. Nf5 Bf1 85. Nd6+ Kf8 86. f7 Be2 87. Kf6 Bh5
88. Ke6 Bg4+ 89. Kd5 Bh5 90. Ke6 Bg4+ 91. Ke5 Be2 92. Kd5 Bh5 93. Kc5 Be2
94. Kb6 Bf1 95. Ne4 Kxf7 96. Nc5 Ke7 97. Nxa6 Kd8 98. Nc7 Kc8 99. Nd5 Kb8
100. Nb4 Ka8 101. Nc6 Bg2 102. Nd4 Bf1 103. Nb3 Kb8 104. Nc5 Ka8 105. Ne6
Kb8 106. Nd4 Ka8 107. Nb5 Bxb5 108. Kxb5 Ka7 109. a6 Ka8 110. Kb6 Kb8 111.
a7+ Ka8 112. Ka6 { Black stalemated } 1/2-1/2

[Event "ICC tourney 2333 (75 10)"]
[Site "Internet Chess Club"]
[Date "2021.01.24"]
[Round "4"]
[White "SuperWJ"]
[Black "Drachekokosnuss"]
[Result "1/2-1/2"]
[ICCResult "Game drawn by mutual agreement"]
[WhiteElo "1959"]
[BlackElo "2100"]
[Opening "King's Indian: Kazakh variation"]
[ECO "E91"]
[NIC "KI.19"]
[Time "13:01:43"]
[PlyCount "31"]
[TimeControl "4500+10"]

1. d4 Nf6 2. c4 g6 3. Nc3 Bg7 4. e4 d6 5. Nf3 O-O 6. Be2 Na6 7. O-O e5 8.
Re1 exd4 9. Nxd4 Nc5 10. Bf1 Re8 11. f3 c6 12. Be3 Ne6 13. Nc2 Re7 14. Qd2
Rd7 15. Rad1 b6 16. Qf2 { Game drawn by mutual agreement } 1/2-1/2

[Event "ICC tourney 2333 (75 10)"]
[Site "Internet Chess Club"]
[Date "2021.01.24"]
[Round "4"]
[White "sirking2800"]
[Black "BreatheChessAls"]
[Result "1-0"]
[ICCResult "Black checkmated"]
[WhiteElo "2005"]
[BlackElo "1915"]
[Opening "Sicilian: Labourdonnais-Löwenthal variation"]
[ECO "B32"]
[NIC "SI.32"]
[Time "13:02:08"]
[PlyCount "125"]
[TimeControl "4500+10"]

1. e4 c5 2. Nf3 Nc6 3. d4 cxd4 4. Nxd4 e5 5. Nf3 Nf6 6. Nc3 Bb4 7. Bd3 d5
8. exd5 Nxd5 9. Bd2 Nxc3 10. bxc3 Bc5 11. O-O O-O 12. Qe2 Bg4 13. Qe4 f5
14. Qc4+ Kh8 15. Qxc5 e4 16. Ng5 exd3 17. Ne6 Qf6 18. Nxf8 Qxf8 19. Qxf8+
Rxf8 20. f3 Bh5 21. cxd3 f4 22. Rab1 b6 23. Rb5 Bg6 24. Rd5 Bf7 25. Rd6 Na5
26. c4 Nb7 27. Rd4 Nc5 28. Bb4 Bg6 29. Re1 Rb8 30. Bxc5 bxc5 31. Rd7 h6 32.
Rd1 a5 33. Ra7 Rd8 34. Rxa5 Rc8 35. Ra6 Bf7 36. a4 Rd8 37. Ra5 Bxc4 38.
Rxc5 Bb3 39. Ra1 Rxd3 40. Rc8+ Kh7 41. a5 Rd7 42. Ra8 Bd5 43. Rd1 Bxa8 44.
Rxd7 Bc6 45. Rd6 Bb5 46. a6 Bxa6 47. Rxa6 g6 48. Ra7+ Kg8 49. g3 fxg3 50.
hxg3 Kf8 51. Kf2 Kg8 52. Ke3 Kh8 53. Ke4 Kg8 54. Ke5 Kh8 55. Kf6 Kg8 56.
Kxg6 Kf8 57. Kxh6 Ke8 58. g4 Kf8 59. g5 Kg8 60. g6 Kf8 61. Kh7 Ke8 62. g7
Kd8 63. g8=Q# { Black checkmated } 1-0

[Event "ICC tourney 2333 (75 10)"]
[Site "Internet Chess Club"]
[Date "2021.01.24"]
[Round "4"]
[White "penguinwizard"]
[Black "mikolka1985"]
[Result "0-1"]
[ICCResult "White checkmated"]
[WhiteElo "2120"]
[BlackElo "2545"]
[Opening "QGD: 4.Nf3"]
[ECO "D37"]
[NIC "QI.01"]
[Time "13:02:17"]
[PlyCount "96"]
[TimeControl "4500+10"]

1. d4 Nf6 2. c4 e6 3. Nf3 d5 4. Nc3 dxc4 5. e3 a6 6. Bxc4 b5 7. Bb3 Bb7 8.
O-O c5 9. Qe2 Nbd7 10. Rd1 Qb8 11. Bc2 Bd6 12. h3 O-O 13. b3 Rc8 14. Bb2
Bxf3 15. gxf3 cxd4 16. exd4 Nb6 17. Qd3 Qc7 18. Rac1 Bf4 19. d5 Bxc1 20.
Rxc1 exd5 21. Nxb5 Qf4 22. Re1 axb5 23. Bxf6 Rxc2 24. Qxc2 Qxf6 25. Qe2 h6
26. Qxb5 Rxa2 27. Re8+ Kh7 28. Qd3+ Qg6+ 29. Qxg6+ Kxg6 30. Rd8 f6 31. Rd6
Nc8 32. Rxd5 Ne7 33. Rb5 Nf5 34. Kg2 Rb2 35. b4 h5 36. Rb8 h4 37. b5 Ne3+
38. Kg1 Nd5 39. Rh8 Kg5 40. Rb8 g6 41. Rb7 f5 42. Rb8 Nf4 43. b6 Nxh3+ 44.
Kg2 Nf4+ 45. Kg1 Nh3+ 46. Kg2 Nxf2 47. b7 Nd3+ 48. Kh3 Nf4# { White
checkmated } 0-1

[Event "ICC tourney 2333 (75 10)"]
[Site "Internet Chess Club"]
[Date "2021.01.24"]
[Round "4"]
[White "mr-sosa"]
[Black "Mrpeetapizza"]
[Result "1-0"]
[ICCResult "Black checkmated"]
[WhiteElo "2086"]
[BlackElo "1913"]
[Opening "Sicilian: Canal-Sokolsky (Nimzovich-Rossolimo, Moscow) attack"]
[ECO "B51"]
[NIC "SI.01"]
[Time "13:01:25"]
[PlyCount "45"]
[TimeControl "4500+10"]

1. e4 c5 2. Nf3 d6 3. Bb5+ Nd7 4. a4 Nf6 5. d3 e6 6. O-O Be7 7. Re1 O-O 8.
c3 a6 9. Bc4 d5 10. Bb3 dxe4 11. dxe4 b6 12. e5 Ne8 13. Nbd2 Bb7 14. Qe2
Nc7 15. Ne4 Nd5 16. Bc2 Re8 17. Nfg5 Nf8 18. Qh5 g6 19. Qh6 b5 20. Ng3 Nb6
21. Nh5 gxh5 22. Bxh7+ Kh8 23. Nxf7# { Black checkmated } 1-0

[Event "ICC tourney 2333 (75 10)"]
[Site "Internet Chess Club"]
[Date "2021.01.24"]
[Round "4"]
[White "SuperPuzzler"]
[Black "greenninja"]
[Result "1/2-1/2"]
[ICCResult "Game drawn by repetition"]
[WhiteElo "1993"]
[BlackElo "2025"]
[Opening "Sicilian: Najdorf, Opocensky variation"]
[ECO "B92"]
[NIC "SI.11"]
[Time "13:01:33"]
[PlyCount "58"]
[TimeControl "4500+10"]

1. e4 c5 2. Nf3 d6 3. d4 cxd4 4. Nxd4 Nf6 5. Nc3 a6 6. Be2 e5 7. Nb3 Be7 8.
O-O O-O 9. Kh1 Nc6 10. f4 b5 11. a3 Bb7 12. Bf3 Rc8 13. Be3 exf4 14. Bxf4
Ne5 15. Nd2 Re8 16. Qe2 Qc7 17. Rad1 Red8 18. Be3 h6 19. Qf2 Qd7 20. Qg3
Kh7 21. Be2 Qe6 22. Bd3 Nh5 23. Qe1 Ng4 24. Bb6 Re8 25. Nf3 Kg8 26. Nd4 Qe5
27. Nf3 Qe6 28. Nd4 Qe5 29. Nf3 Qe6 { Game drawn by repetition } 1/2-1/2

[Event "ICC tourney 2333 (75 10)"]
[Site "Internet Chess Club"]
[Date "2021.01.24"]
[Round "4"]
[White "CoolKoiFish"]
[Black "Chessking2008"]
[Result "0-1"]
[ICCResult "White resigns"]
[WhiteElo "1914"]
[BlackElo "2200"]
[Opening "Queen's pawn game"]
[ECO "E10"]
[NIC "QI.01"]
[Time "13:01:29"]
[PlyCount "76"]
[TimeControl "4500+10"]

1. d4 Nf6 2. c4 e6 3. Nf3 c5 4. e3 b6 5. Bd3 Bb7 6. Nbd2 cxd4 7. exd4 Be7
8. O-O O-O 9. b3 d5 10. Bb2 Nbd7 11. Re1 Rc8 12. Rc1 Bb4 13. a3 dxc4 14.
bxc4 Bxf3 15. gxf3 Bd6 16. Ne4 Bf4 17. Rc2 Nh5 18. Ng3 Qh4 19. Bc1 Bxc1 20.
Rxc1 Ndf6 21. Kh1 Rfd8 22. Be4 Nf4 23. d5 g6 24. Qa4 Qh3 25. Rg1 exd5 26.
Bb1 Ne2 27. Nxe2 Qxf3+ 28. Rg2 Qxe2 29. Qxa7 Rxc4 30. Rcg1 Rc6 31. Qb7 Rcd6
32. Bxg6 hxg6 33. Rxg6+ fxg6 34. Rxg6+ Kf8 35. Qg7+ Ke8 36. Rh6 Qf1+ 37.
Qg1 Qxg1+ 38. Kxg1 d4 { White resigns } 0-1

[Event "ICC tourney 2333 (75 10)"]
[Site "Internet Chess Club"]
[Date "2021.01.24"]
[Round "4"]
[White "redhawk2020"]
[Black "DLWarrior"]
[Result "0-1"]
[ICCResult "White resigns"]
[WhiteElo "1954"]
[BlackElo "1968"]
[Opening "Réti: King's Indian attack, French variation"]
[ECO "C00"]
[NIC "FR.02"]
[Time "13:01:26"]
[PlyCount "58"]
[TimeControl "4500+10"]

1. e4 e6 2. d3 d5 3. Nd2 c5 4. Ngf3 Nc6 5. g3 Nf6 6. Bg2 Be7 7. O-O O-O 8.
Re1 b6 9. e5 Nd7 10. Nf1 f6 11. exf6 Nxf6 12. Bh3 Bd6 13. Bxe6+ Bxe6 14.
Rxe6 Qd7 15. Re1 Ng4 16. c3 Qf5 17. Kg2 Nce5 18. N1d2 Nxd3 19. Rf1 Ndxf2
20. Qa4 Qh5 21. Rxf2 Nxf2 22. Qd7 Rad8 23. Qe6+ Kh8 24. h3 Rfe8 25. g4 Rxe6
26. gxh5 Nd3 27. Ng5 Rf6 28. Nf1 Nxc1 29. Rxc1 Bf4 { White resigns } 0-1

[Event "ICC tourney 2333 (75 10)"]
[Site "Internet Chess Club"]
[Date "2021.01.24"]
[Round "4"]
[White "mopaska1106"]
[Black "dpomerantz135"]
[Result "0-1"]
[ICCResult "White resigns"]
[WhiteElo "1946"]
[BlackElo "2238"]
[Opening "Nimzo-Indian: 4.e3 e8g8, 5.Nf3, without ...d5"]
[ECO "E50"]
[NIC "NI.07"]
[Time "13:01:25"]
[PlyCount "74"]
[TimeControl "4500+10"]

1. d4 Nf6 2. c4 e6 3. Nc3 Bb4 4. e3 O-O 5. Nf3 c5 6. Bd3 Nc6 7. O-O Bxc3 8.
bxc3 d6 9. e4 e5 10. d5 Ne7 11. g3 h6 12. Nd2 Nh7 13. f3 f5 14. exf5 Bxf5
15. Ne4 Nf6 16. Qe2 Qd7 17. Bd2 Nxe4 18. Bxe4 Bxe4 19. Qxe4 Qf5 20. Rae1
Rf6 21. Kg2 Raf8 22. Bc1 Qxe4 23. Rxe4 Ng6 24. Rf2 Ne7 25. Ree2 Nc8 26. Re4
Nb6 27. Bd2 Na4 28. Be1 g5 29. h4 Kg7 30. hxg5 hxg5 31. Rg4 Rf5 32. Bd2 Kg6
33. Rf1 Rh8 34. Rb1 Nb6 35. Re4 Rf7 36. Rh1 Rxh1 37. Kxh1 Rxf3 { White
resigns } 0-1

[Event "ICC tourney 2333 (75 10)"]
[Site "Internet Chess Club"]
[Date "2021.01.24"]
[Round "4"]
[White "fleshlumpeater"]
[Black "schubakov"]
[Result "0-1"]
[ICCResult "White resigns"]
[WhiteElo "1966"]
[BlackElo "2161"]
[Opening "QGD Slav: Wiesbaden variation"]
[ECO "D17"]
[NIC "SL.04"]
[Time "13:01:25"]
[PlyCount "48"]
[TimeControl "4500+10"]

1. d4 d5 2. Nf3 Nf6 3. c4 c6 4. Nc3 dxc4 5. a4 Bf5 6. Ne5 e6 7. f3 Bb4 8.
e4 Bg6 9. Bxc4 O-O 10. O-O Nbd7 11. Nxg6 hxg6 12. Be3 e5 13. Qe2 c5 14.
dxe5 Nxe5 15. Rfd1 Qe7 16. Bg5 Bxc3 17. bxc3 Nxc4 18. Qxc4 Rfd8 19. Re1 Rd6
20. e5 Re6 21. exf6 Rxe1+ 22. Kf2 Qe6 23. Qxe6 Rxe6 24. fxg7 Kxg7 { White
resigns } 0-1

[Event "ICC tourney 2333 (75 10)"]
[Site "Internet Chess Club"]
[Date "2021.01.24"]
[Round "4"]
[White "TjkTiger"]
[Black "Openyagami"]
[Result "1-0"]
[ICCResult "Black resigns"]
[WhiteElo "2597"]
[BlackElo "2606"]
[Opening "English opening"]
[ECO "A16"]
[NIC "EO.64"]
[Time "13:02:17"]
[PlyCount "65"]
[TimeControl "4500+10"]

1. c4 Nf6 2. Nc3 g6 3. g3 Bg7 4. Bg2 O-O 5. d4 Nc6 6. Nf3 d5 7. cxd5 Nxd5
8. O-O Nb6 9. e3 Re8 10. h3 a5 11. d5 Nb4 12. e4 c6 13. a3 Na6 14. Be3 Nc4
15. Qe2 Nxe3 16. Qxe3 Qd6 17. e5 Qc5 18. Nd4 cxd5 19. Rac1 Qa7 20. Nxd5 Bd7
21. Rfd1 Rad8 22. Kh2 a4 23. f4 Kh8 24. Rc3 b6 25. Nxe7 b5 26. Ndc6 Qxe3
27. Nxd8 Qxf4 28. gxf4 Rxe7 29. Nc6 Bxc6 30. Rxc6 Bh6 31. Rxa6 Bxf4+ 32.
Kh1 Rxe5 33. Rf6 { Black resigns } 1-0

[Event "ICC tourney 2333 (75 10)"]
[Site "Internet Chess Club"]
[Date "2021.01.24"]
[Round "4"]
[White "Volkov"]
[Black "e4f5"]
[Result "1/2-1/2"]
[ICCResult "Game drawn because neither player has mating material"]
[WhiteElo "2607"]
[BlackElo "2260"]
[Opening "King's Indian: Gligoric-Taimanov system"]
[ECO "E92"]
[NIC "KI.18"]
[Time "13:01:33"]
[PlyCount "134"]
[TimeControl "4500+10"]

1. d4 Nf6 2. c4 g6 3. Nc3 Bg7 4. e4 d6 5. Nf3 O-O 6. Be2 e5 7. Be3 exd4 8.
Nxd4 Re8 9. f3 c6 10. Bf2 d5 11. exd5 cxd5 12. O-O Nc6 13. c5 Nh5 14. Qd2
Be5 15. g3 Ng7 16. Ncb5 Qf6 17. Rad1 Nf5 18. Rfe1 Nfxd4 19. Nxd4 Bd7 20. f4
Bxd4 21. Bxd4 Nxd4 22. Qxd4 Qxd4+ 23. Rxd4 Rac8 24. Rxd5 Be6 25. Re5 Bxa2
26. Bf3 Rxe5 27. Rxe5 f6 28. Re7 Rxc5 29. Rxb7 Bd5 30. Bxd5+ Rxd5 31. h4
Rd2 32. b4 a6 33. Rb6 Rb2 34. Rxf6 Rxb4 35. Rxa6 Rb2 36. Ra8+ Kg7 37. Ra7+
Kg8 38. Re7 h5 39. Kf1 Kf8 40. Re2 Rb3 41. Kf2 Kf7 42. Re3 Rb2+ 43. Kf3 Kf6
44. Rd3 Rc2 45. Rd6+ Kf5 46. Rd5+ Kf6 47. Rg5 Rc3+ 48. Kg2 Rc2+ 49. Kh3 Rf2
50. Ra5 Re2 51. Ra1 Rb2 52. Rg1 Kf5 53. Rg2 Rb3 54. Ra2 Rc3 55. Ra5+ Kf6
56. Rg5 Ra3 57. Kg2 Rb3 58. f5 gxf5 59. Rxh5 Rb2+ 60. Kh3 Rb3 61. Rh8 Kg7
62. Rh5 f4 63. Rg5+ Kh6 64. Rg4 Rxg3+ 65. Rxg3 fxg3 66. Kxg3 Kh5 67. Kf2
Kxh4 { Game drawn because neither player has mating material } 1/2-1/2

[Event "ICC tourney 2333 (75 10)"]
[Site "Internet Chess Club"]
[Date "2021.01.24"]
[Round "4"]
[White "nithin"]
[Black "slolla"]
[Result "1-0"]
[ICCResult "Black resigns"]
[WhiteElo "2232"]
[BlackElo "1900"]
[Opening "English opening"]
[ECO "E62"]
[NIC "KI.72"]
[Time "13:01:29"]
[PlyCount "109"]
[TimeControl "4500+10"]

1. Nf3 Nf6 2. c4 g6 3. g3 Bg7 4. d4 O-O 5. Bg2 d6 6. O-O Nc6 7. Nc3 Bd7 8.
b3 a6 9. Nd5 Rb8 10. Bb2 b5 11. Nxf6+ Bxf6 12. cxb5 axb5 13. e4 e5 14. d5
Ne7 15. Qd2 Bg7 16. Ne1 f5 17. f3 f4 18. Nd3 g5 19. Rac1 Ng6 20. Qc2 Rc8
21. Nb4 Ne7 22. Nc6 Nxc6 23. dxc6 Be6 24. Rfd1 g4 25. Rd3 Qg5 26. fxg4 Bxg4
27. Rf1 fxg3 28. Rxg3 Qh5 29. Qd2 Kh8 30. Bc1 Bf6 31. Qh6 Bg7 32. Qg5 Qxg5
33. Bxg5 Bh5 34. Rxf8+ Rxf8 35. Bh3 Bf6 36. Bh6 Ra8 37. Be6 Bg6 38. Bd5
Rxa2 39. Rf3 Bg7 40. Bg5 Ra8 41. Rc3 h5 42. b4 Kh7 43. Be7 Bh6 44. Bxd6 Ra7
45. Bxe5 Bf8 46. Rb3 Be8 47. Rg3 Bg6 48. Bc3 Ra4 49. Bb3 Ra3 50. Bb2 Ra8
51. Rd3 Bxe4 52. Rd7+ Kg6 53. Rxc7 Ra6 54. Rc8 Bd6 55. c7 { Black resigns }
1-0